[Event "FIDE WCCC Open-12 2024"]
[Site "Montesilvano"]
[Date "2024.11.25"]
[Round "10.1"]
[White "Smirnov, Mark"]
[Black "Golis, Wiktor"]
[Result "1-0"]
[ECO "B15"]
[WhiteElo "2300"]
[BlackElo "2343"]
[Annotator "RC"]
[PlyCount "87"]
[EventDate "2024.11.18"]
[EventType "swiss"]
[EventCountry "ITA"]
[SourceTitle "playchess.com"]
[Source "ChessBase"]
[SourceQuality "1"]
[TimeControl "5400+30"]

1. e4 c6 2. d4 d5 3. Nc3 dxe4 4. Nxe4 Nf6 5. Nxf6+ exf6 6. Be3 Na6 7. a3 Bd6 8. Bd3 Nc7 9. c4 O-O 10. Qc2 g6 11. Ne2 Re8 12. O-O f5 13. Qd2 Be6 14. Bf4 Bxf4 15. Qxf4 Qd7 16. Rad1 Rad8 17. Nc3 f6 18. Be2 Kg7 19. Qg3 Qf7 20. Rd2 Re7 21. b3 Red7 22. Rfd1 Qe7 23. Na4 b6 24. Bf3 Bf7 25. h4 Ne6 26. d5 f4 27. Qh3 Nc7 28. b4 cxd5 29. c5 Nb5 30. cxb6 axb6 31. Nxb6 Rd6 32. Nxd5 Qa7 33. Rd3 Be6 34. Qh2 Bxd5 35. Bxd5 Nc7 36. Bc4 Rxd3 37. Rxd3 Rd4 38. Rxd4 Qxd4 39. Bf1 Nd5 40. Qh3 Nc3 41. Qd3 Qe5 42. b5 Qc5 43. b6 Na4 44. Qd7+ 1-0

[Event "FIDE WCCC Open-12 2024"]
[Site "Montesilvano"]
[Date "2024.11.25"]
[Round "10.2"]
[White "Liu, Patrick"]
[Black "Lacan Rus, David"]
[Result "1/2-1/2"]
[ECO "B30"]
[WhiteElo "2192"]
[BlackElo "2274"]
[Annotator "RC"]
[PlyCount "92"]
[EventDate "2024.11.18"]
[EventType "swiss"]
[EventCountry "ITA"]
[SourceTitle "playchess.com"]
[Source "ChessBase"]
[SourceQuality "1"]
[TimeControl "5400+30"]

1. e4 c5 2. Nf3 Nc6 3. Bb5 Nf6 4. Bxc6 dxc6 5. d3 Bg4 6. h3 Bh5 7. Nbd2 Nd7 8. b3 e5 9. Bb2 f6 10. Qe2 Be7 11. Nf1 Nf8 12. Ng3 Bf7 13. Nf5 Ne6 14. O-O g6 15. Nh6 Nf4 16. Qe3 g5 17. Nxf7 Kxf7 18. Kh2 Qc8 19. c3 Ng6 20. g3 h5 21. Ng1 h4 22. g4 Qe6 23. Ne2 a5 24. Qd2 b5 25. c4 a4 26. Nc3 Rhd8 27. Qc2 Nf4 28. Rad1 Qd7 29. Bc1 axb3 30. axb3 Nxd3 31. cxb5 cxb5 32. Nd5 Nxc1 33. Rxc1 Qb7 34. Nxe7 Qxe7 35. Qxc5 Qxc5 36. Rxc5 b4 37. Rc4 Rd4 38. Rfc1 Ra3 39. Rc7+ Ke6 40. R1c6+ Rd6 41. Rc4 Rxb3 42. Rb7 Rb2 43. Rcc7 Ra6 44. Kg2 b3 45. Rc3 Rb1 46. Rcxb3 Ra8 1/2-1/2

[Event "FIDE WCCC Open-12 2024"]
[Site "Montesilvano"]
[Date "2024.11.25"]
[Round "10.3"]
[White "Radzimski, Antoni"]
[Black "Negrean, Andrei"]
[Result "1-0"]
[ECO "D35"]
[WhiteElo "2188"]
[BlackElo "2255"]
[Annotator "RC"]
[PlyCount "87"]
[EventDate "2024.11.18"]
[EventType "swiss"]
[EventCountry "ITA"]
[SourceTitle "playchess.com"]
[Source "ChessBase"]
[SourceQuality "1"]
[TimeControl "5400+30"]

1. d4 Nf6 2. c4 e6 3. Nc3 d5 4. cxd5 Nxd5 5. e4 Nxc3 6. bxc3 c5 7. Rb1 Be7 8. Bb5+ Nd7 9. Nf3 O-O 10. O-O a6 11. Bd3 b5 12. Be3 cxd4 13. cxd4 Bb7 14. Qe2 h6 15. Rfc1 Rc8 16. a4 Rxc1+ 17. Bxc1 b4 18. Bxa6 Bxa6 19. Qxa6 Nf6 20. Qb7 Re8 21. Ra1 e5 22. Bb2 exd4 23. Bxd4 Bf8 24. e5 Nd5 25. a5 Re7 26. Qb5 Nc3 27. Qf1 Rd7 28. a6 Qa8 29. a7 Rc7 30. e6 fxe6 31. Qa6 Bc5 32. Qxe6+ Kh8 33. Qxh6+ Kg8 34. Qe6+ Kh8 35. Ng5 Bxd4 36. Qh3+ Kg8 37. Qh7+ Kf8 38. Qh8+ Ke7 39. Qxa8 Ne2+ 40. Kf1 Bxa1 41. Kxe2 Be5 42. Qd5 Rxa7 43. Qxe5+ Kf8 44. Qb8+ 1-0

[Event "FIDE WCCC Open-12 2024"]
[Site "Montesilvano"]
[Date "2024.11.25"]
[Round "10.4"]
[White "Aansh Nandan Nerurkar"]
[Black "Platonovs, Nikolajs"]
[Result "1-0"]
[ECO "B51"]
[WhiteElo "2247"]
[BlackElo "1969"]
[Annotator "RC"]
[PlyCount "125"]
[EventDate "2024.11.18"]
[EventType "swiss"]
[EventCountry "ITA"]
[SourceTitle "playchess.com"]
[Source "ChessBase"]
[SourceQuality "1"]
[TimeControl "5400+30"]

1. e4 c5 2. Nf3 d6 3. Bb5+ Nd7 4. a4 Ngf6 5. Nc3 g6 6. a5 Bg7 7. O-O O-O 8. d3 a6 9. Bc4 b5 10. axb6 a5 11. Bg5 Nxb6 12. Bb3 Bd7 13. e5 dxe5 14. Nxe5 a4 15. Bc4 Qc7 16. Re1 e6 17. Qf3 Nfd5 18. Bxd5 exd5 19. Bf6 Qd6 20. Nxd7 Qxd7 21. g3 Rfe8 22. Bxg7 Kxg7 23. Qf4 Rxe1+ 24. Rxe1 h5 25. Qe5+ Kg8 26. Qf6 d4 27. Ne4 Nd5 28. Qg5 Re8 29. Ra1 Kg7 30. Nxc5 Qc6 31. Nxa4 Nb4 32. Qc5 Qxc5 33. Nxc5 Nxc2 34. Rc1 Nb4 35. Kf1 Nc6 36. Rc4 Ne5 37. Rc1 Nf3 38. h4 Rb8 39. Ke2 Ne5 40. Rc2 Ng4 41. Ne4 Re8 42. Kf1 Rb8 43. Nd2 Ne5 44. Ke2 Re8 45. Nf3 Ng4+ 46. Kf1 Rb8 47. Ke2 Re8+ 48. Kd1 Rb8 49. Re2 Rc8 50. Nd2 Nf6 51. Nc4 Rb8 52. Re7 Ng4 53. f3 Nh6 54. Re4 Nf5 55. g4 hxg4 56. Rxg4 Ne3+ 57. Nxe3 dxe3 58. b4 f5 59. Rc4 Rf8 60. b5 f4 61. b6 Rb8 62. Rxf4 Rxb6 63. Ke2 1-0

[Event "FIDE WCCC Open-12 2024"]
[Site "Montesilvano"]
[Date "2024.11.25"]
[Round "10.5"]
[White "Kuandykuly, Danis"]
[Black "Ambartsumian, Tyhran"]
[Result "1-0"]
[ECO "C54"]
[WhiteElo "2199"]
[BlackElo "2123"]
[Annotator "RC"]
[PlyCount "67"]
[EventDate "2024.11.18"]
[EventType "swiss"]
[EventCountry "ITA"]
[SourceTitle "playchess.com"]
[Source "ChessBase"]
[SourceQuality "1"]
[TimeControl "5400+30"]

1. e4 e5 2. Nf3 Nc6 3. Bc4 Bc5 4. c3 Nf6 5. d4 exd4 6. b4 Bb6 7. e5 d5 8. exf6 dxc4 9. Qe2+ Be6 10. b5 Nb4 11. fxg7 Rg8 12. cxb4 Qf6 13. O-O Qxg7 14. g3 O-O-O 15. a4 d3 16. Qb2 Qg4 17. Qf6 Rd5 18. a5 Rf5 19. axb6 Rxf6 20. bxa7 Qxf3 21. Nd2 Qd5 22. a8=Q+ Kd7 23. Qxg8 Bh3 24. f3 Qd4+ 25. Kh1 Qxa1 26. Re1 Be6 27. Ne4 Rf5 28. Bd2 Qb2 29. Bg5 Rxg5 30. Qxg5 Qh8 31. Nf6+ Kc8 32. Ra1 Kb8 33. b6 Qd8 34. Ra8+ 1-0

[Event "FIDE WCCC Open-12 2024"]
[Site "Montesilvano"]
[Date "2024.11.25"]
[Round "10.6"]
[White "Marchand, Calix"]
[Black "Luger, Sam"]
[Result "0-1"]
[ECO "B22"]
[WhiteElo "2027"]
[BlackElo "2094"]
[Annotator "NA RC"]
[PlyCount "34"]
[EventDate "2024.11.18"]
[EventType "swiss"]
[EventCountry "ITA"]
[SourceTitle "playchess.com"]
[Source "ChessBase"]
[SourceQuality "1"]
[TimeControl "5400+30"]

1. Nf3 c5 2. e4 Nc6 3. c3 e5 4. Bb5 a6 5. Ba4 b5 6. Bc2 d5 7. d4 exd4 8. cxd4 Bg4 9. dxc5 dxe4 10. Bxe4 Qxd1+ 11. Kxd1 O-O-O+ 12. Kc2 Nb4+ 13. Kc3 Bxc5 14. Ng5 Nf6 15. Bc2 Nfd5+ 16. Kb3 Nc6 17. a3 Nd4+ 0-1

[Event "FIDE WCCC Open-12 2024"]
[Site "Montesilvano"]
[Date "2024.11.25"]
[Round "10.7"]
[White "Guo, Ethan"]
[Black "Birmenko, Nikolay"]
[Result "1-0"]
[ECO "C54"]
[WhiteElo "2157"]
[BlackElo "2084"]
[Annotator "RC"]
[PlyCount "101"]
[EventDate "2024.11.18"]
[EventType "swiss"]
[EventCountry "ITA"]
[SourceTitle "playchess.com"]
[Source "ChessBase"]
[SourceQuality "1"]
[TimeControl "5400+30"]

1. e4 e5 2. Nf3 Nc6 3. Bc4 Bc5 4. d3 Nf6 5. Nbd2 d6 6. c3 a6 7. O-O O-O 8. Re1 Ba7 9. Nf1 Na5 10. Bb3 Nxb3 11. axb3 Re8 12. h3 h6 13. Ng3 d5 14. exd5 Qxd5 15. Be3 Bxe3 16. Rxe3 b6 17. c4 Qd6 18. Qe1 Nd7 19. d4 f6 20. Rd1 Qe6 21. Nh4 Bb7 22. Ngf5 Kh7 23. Rg3 g5 24. d5 Qf7 25. d6 Nc5 26. dxc7 Qxc7 27. Qe2 Qf7 28. Nd6 Qe6 29. Nhf5 Rg8 30. b4 Ne4 31. Nxe4 Qxf5 32. Nd6 Qd7 33. Qc2+ Kh8 34. Rgd3 Ra7 35. Nxb7 Qxb7 36. Rd6 Qg7 37. Qf5 Rf8 38. Rxb6 Qe7 39. c5 Kg7 40. Re6 Qc7 41. Rdd6 Qc8 42. h4 gxh4 43. Qg4+ Kh7 44. Qe4+ Kg7 45. Qxh4 Raf7 46. Rxe5 Re8 47. Rxe8 Qxe8 48. Qg4+ Kh8 49. Qe6 Qf8 50. c6 Kg7 51. Rd7 1-0

[Event "FIDE WCCC Open-12 2024"]
[Site "Montesilvano"]
[Date "2024.11.25"]
[Round "10.8"]
[White "Torres Rebolledo, Alvaro"]
[Black "Gao, Heye"]
[Result "0-1"]
[ECO "C54"]
[WhiteElo "2216"]
[BlackElo "1933"]
[Annotator "RC"]
[PlyCount "138"]
[EventDate "2024.11.18"]
[EventType "swiss"]
[EventCountry "ITA"]
[SourceTitle "playchess.com"]
[Source "ChessBase"]
[SourceQuality "1"]
[TimeControl "5400+30"]

1. e4 e5 2. Nf3 Nc6 3. Bc4 Bc5 4. c3 Nf6 5. d3 O-O 6. O-O d5 7. exd5 Nxd5 8. Re1 Bg4 9. h3 Bh5 10. Nbd2 Nb6 11. Bb3 Qxd3 12. Nxe5 Qf5 13. Nef3 Rad8 14. Qe2 Nd5 15. Qe4 Qxe4 16. Nxe4 Bb6 17. Nh4 Na5 18. Bxd5 Rxd5 19. b3 Nc6 20. Ng3 Bg6 21. Bf4 Bd3 22. Rad1 f6 23. Be3 Ba5 24. b4 Bb6 25. Bxb6 axb6 26. Nhf5 Rfd8 27. Ne7+ Nxe7 28. Rxe7 R5d7 29. Rxd7 Rxd7 30. f4 Kf7 31. Kf2 Rd5 32. Ne2 c5 33. a3 Bc4 34. Rxd5 Bxd5 35. g3 Ke6 36. Ke3 Bg2 37. h4 Bf1 38. Ng1 Bg2 39. c4 Bf1 40. Ne2 Bxe2 41. Kxe2 cxb4 42. axb4 Kf5 43. Ke3 Kg4 44. Kf2 b5 45. c5 Kh3 46. Kf3 f5 47. Kf2 h5 48. Kf3 Kh2 49. Kf2 g6 50. Kf3 Kg1 51. Ke3 Kg2 52. Kd4 Kxg3 53. Ke5 Kxh4 54. Kd6 Kg4 55. Kc7 h4 56. Kxb7 h3 57. c6 h2 58. c7 h1=Q+ 59. Kb8 Qc6 60. c8=Q Qxc8+ 61. Kxc8 Kxf4 62. Kb7 g5 63. Kb6 g4 64. Kxb5 g3 65. Ka6 g2 66. b5 g1=Q 67. b6 Qa1+ 68. Kb7 Ke5 69. Kc8 Kd6 0-1

[Event "FIDE WCCC Open-12 2024"]
[Site "Montesilvano"]
[Date "2024.11.25"]
[Round "10.9"]
[White "Stepanyan, Davit"]
[Black "Abdsattar, Alisher"]
[Result "0-1"]
[ECO "E99"]
[WhiteElo "2011"]
[BlackElo "2082"]
[Annotator "RC"]
[PlyCount "109"]
[EventDate "2024.11.18"]
[EventType "swiss"]
[EventCountry "ITA"]
[SourceTitle "playchess.com"]
[Source "ChessBase"]
[SourceQuality "1"]
[TimeControl "5400+30"]

1. d4 Nf6 2. c4 g6 3. Nc3 Bg7 4. e4 d6 5. Nf3 O-O 6. Be2 e5 7. O-O Nc6 8. d5 Ne7 9. Ne1 Nd7 10. f3 f5 11. g4 Kh8 12. Bd2 Ng8 13. Ng2 Bf6 14. exf5 gxf5 15. gxf5 Ne7 16. Ne3 Bg5 17. Ne4 Bf4 18. Ng3 Nf6 19. Bd3 Qe8 20. Ng2 Bxd2 21. Qxd2 Nh5 22. Nxh5 Qxh5 23. f4 Bxf5 24. fxe5 dxe5 25. Rae1 Ng6 26. Bxf5 Rxf5 27. Rxf5 Qxf5 28. Qe2 Rg8 29. Kh1 Rf8 30. Rd1 e4 31. c5 Ne5 32. Ne3 Qh3 33. Rf1 Nf3 34. b4 Rg8 35. d6 cxd6 36. cxd6 Rg6 37. Rc1 Rxd6 38. Qb2+ Kg8 39. Qg2+ Qxg2+ 40. Kxg2 Rd7 41. Rc4 Nd2 42. Rc8+ Kf7 43. Kg3 Ke6 44. Re8+ Kd6 45. h4 Kc6 46. a4 Rf7 47. Ng4 Kd7 48. Rh8 Ke7 49. b5 Nc4 50. Nh6 Rf3+ 51. Kh2 e3 52. Rxh7+ Kd6 53. Rh8 e2 54. Re8 Ne3 55. Nf5+ 0-1

[Event "FIDE WCCC Open-12 2024"]
[Site "Montesilvano"]
[Date "2024.11.25"]
[Round "10.10"]
[White "Petroff, Vlad"]
[Black "Wijerathna, Vinuka Dihain"]
[Result "1/2-1/2"]
[ECO "D37"]
[WhiteElo "2079"]
[BlackElo "2004"]
[Annotator "RC"]
[PlyCount "128"]
[EventDate "2024.11.18"]
[EventType "swiss"]
[EventCountry "ITA"]
[SourceTitle "playchess.com"]
[Source "ChessBase"]
[SourceQuality "1"]
[TimeControl "5400+30"]

1. d4 Nf6 2. Nf3 d5 3. c4 e6 4. Nc3 a6 5. cxd5 exd5 6. Bg5 Be6 7. Bxf6 Qxf6 8. Qb3 Ra7 9. e3 Qd8 10. Be2 Bd6 11. O-O O-O 12. a3 Nd7 13. Rfd1 c6 14. Qc2 f5 15. Bd3 Qe7 16. Rac1 g6 17. Re1 b5 18. Ne2 Rc7 19. b4 Ra8 20. Qb2 Bf7 21. Rc2 a5 22. Rec1 axb4 23. axb4 Ra4 24. Rxc6 Rxb4 25. Qxb4 Rxc6 26. Qxb5 Rxc1+ 27. Nxc1 f4 28. exf4 Bxf4 29. Ne2 Bd6 30. Nc3 Nf6 31. Bf1 Qc7 32. Qb3 Kg7 33. h3 Ne4 34. Nb5 Qb6 35. Qe3 Bb8 36. Nc3 Nf6 37. g3 Qb4 38. Ne2 h6 39. Ne5 Be8 40. Nf4 Qe7 41. Bg2 Qd6 42. Qb3 Bc7 43. Nxd5 Nxd5 44. Qxd5 Qxd5 45. Bxd5 Bb6 46. Nf3 Kf6 47. Be4 g5 48. g4 h5 49. Kg2 hxg4 50. hxg4 Bd7 51. Kg3 Bc7+ 52. Kh3 Bb5 53. Kg2 Bd7 54. Kh3 Bb5 55. Nd2 Ba5 56. Nb3 Bc3 57. d5 Ke5 58. Bf3 Bb4 59. Kg3 Bc4 60. Nc1 Bd2 61. Ne2 Bxe2 62. Bxe2 Kxd5 63. Kf3 Ke5 64. Bd3 Bc3 1/2-1/2

[Event "FIDE WCCC Open-12 2024"]
[Site "Montesilvano"]
[Date "2024.11.25"]
[Round "10.11"]
[White "Sobirov, Afruzbek"]
[Black "Baturin-Vinogradov, Miroslav"]
[Result "1-0"]
[ECO "C47"]
[WhiteElo "1928"]
[BlackElo "2048"]
[Annotator "RC"]
[PlyCount "135"]
[EventDate "2024.11.18"]
[EventType "swiss"]
[EventCountry "ITA"]
[SourceTitle "playchess.com"]
[Source "ChessBase"]
[SourceQuality "1"]
[TimeControl "5400+30"]

1. e4 e5 2. Nf3 Nc6 3. Nc3 Nf6 4. d4 Bb4 5. Nxe5 Qe7 6. Qd3 Nxe5 7. dxe5 Qxe5 8. Bd2 Qe7 9. O-O-O O-O 10. f3 d6 11. Kb1 Be6 12. Bg5 h6 13. Bh4 Rfe8 14. Nd5 Bxd5 15. exd5 Be1 16. Bxf6 Qxf6 17. Qb3 Bf2 18. Bd3 Bb6 19. Be4 a5 20. a3 Bc5 21. Qd3 g6 22. g4 Kg7 23. h4 Qf4 24. h5 g5 25. Rhe1 Bb6 26. Re2 Re5 27. Rde1 Rae8 28. Bf5 Rxe2 29. Rxe2 Rxe2 30. Qxe2 Qd4 31. Be4 Qc5 32. Qd3 c6 33. Ka2 Bd8 34. Qb3 Bb6 35. c3 a4 36. Qb4 cxd5 37. Qxc5 Bxc5 38. Bxd5 b6 39. Bc6 Kf6 40. Bxa4 d5 41. Kb1 Ke5 42. Bc6 Kd6 43. Ba8 Be3 44. Kc2 f6 45. a4 Bf4 46. Kd3 Be5 47. b4 Bg3 48. Bb7 Be1 49. Bc8 Kc7 50. Bf5 Kd6 51. Bh7 Ke5 52. Bg8 Kd6 53. Bf7 Ke5 54. a5 bxa5 55. bxa5 Kd6 56. a6 Bf2 57. c4 dxc4+ 58. Ke4 c3 59. Bb3 Kc6 60. Kf5 Bc5 61. Kg6 Bf8 62. Kf7 Bc5 63. Kg7 Kd6 64. Kxh6 Ke7 65. Kg6 Kf8 66. h6 Bd4 67. h7 f5 68. a7 1-0

[Event "FIDE WCCC Open-12 2024"]
[Site "Montesilvano"]
[Date "2024.11.25"]
[Round "10.12"]
[White "Mamikonyan, Artem T"]
[Black "Bulgak, Damir"]
[Result "1-0"]
[ECO "C54"]
[WhiteElo "1918"]
[BlackElo "2044"]
[Annotator "RC"]
[PlyCount "87"]
[EventDate "2024.11.18"]
[EventType "swiss"]
[EventCountry "ITA"]
[SourceTitle "playchess.com"]
[Source "ChessBase"]
[SourceQuality "1"]
[TimeControl "5400+30"]

1. e4 e5 2. Nf3 Nc6 3. Bc4 Nf6 4. d3 Bc5 5. O-O d6 6. c3 a6 7. Nbd2 O-O 8. h3 Ba7 9. Bb3 h6 10. Re1 Re8 11. Nf1 Be6 12. Ng3 Bxb3 13. Qxb3 Qd7 14. Be3 Bxe3 15. Rxe3 Ne7 16. d4 Ng6 17. Rd1 Qc6 18. Kh2 b5 19. Qc2 Nf4 20. Ne2 Ng6 21. Ng3 a5 22. d5 Qc5 23. Ne1 Rad8 24. Nd3 Qb6 25. a4 c6 26. dxc6 Qxc6 27. axb5 Qxb5 28. c4 Qc6 29. Qc3 Nf4 30. Qxa5 Qxc4 31. Nxe5 Qc2 32. Rd2 Qc1 33. Nd3 Nxd3 34. Rexd3 Qe1 35. Re3 Qb1 36. Rde2 Rc8 37. Qd2 Red8 38. Nf5 Rc1 39. Re1 Rc2 40. Qa5 Qxb2 41. Qxd8+ Kh7 42. Rg3 Nh5 43. Ne7 Nf6 44. Qf8 1-0

[Event "FIDE WCCC Open-12 2024"]
[Site "Montesilvano"]
[Date "2024.11.25"]
[Round "10.13"]
[White "Golubovic, Erik"]
[Black "Chia, Yu Zhe Ashton"]
[Result "1-0"]
[ECO "A70"]
[WhiteElo "2147"]
[BlackElo "2252"]
[Annotator "RC"]
[PlyCount "79"]
[EventDate "2024.11.18"]
[EventType "swiss"]
[EventCountry "ITA"]
[SourceTitle "playchess.com"]
[Source "ChessBase"]
[SourceQuality "1"]
[TimeControl "5400+30"]

1. d4 Nf6 2. Nf3 c5 3. d5 e6 4. c4 exd5 5. cxd5 d6 6. Nc3 g6 7. h3 Bg7 8. e4 O-O 9. Be3 a6 10. a4 Re8 11. Nd2 Nxe4 12. Ncxe4 f5 13. Nxd6 Qxd6 14. Nc4 Qf6 15. g3 b6 16. Bg2 Bb7 17. O-O Nd7 18. h4 h6 19. Qd2 Kh7 20. Bf4 Bf8 21. Rad1 Rac8 22. Rfe1 b5 23. Re6 Qf7 24. Nd6 Bxd6 25. Bxd6 Nf6 26. Rde1 Ne4 27. Bxe4 fxe4 28. R1xe4 Rxe6 29. Rxe6 Re8 30. Qe2 Rxe6 31. dxe6 Qe8 32. e7 h5 33. f3 Bc6 34. Bxc5 Qf7 35. Bd4 Qc4 36. Qe5 Qc1+ 37. Kg2 Qd2+ 38. Kh3 Bd7+ 39. g4 hxg4+ 40. Kg3 1-0

[Event "FIDE WCCC Open-12 2024"]
[Site "Montesilvano"]
[Date "2024.11.25"]
[Round "10.14"]
[White "Gao, Arthur"]
[Black "Sahbudak, Baris Cinar"]
[Result "1-0"]
[ECO "A05"]
[WhiteElo "1979"]
[BlackElo "2264"]
[Annotator "RC"]
[PlyCount "83"]
[EventDate "2024.11.18"]
[EventType "swiss"]
[EventCountry "ITA"]
[SourceTitle "playchess.com"]
[Source "ChessBase"]
[SourceQuality "1"]
[TimeControl "5400+30"]

1. Nf3 Nf6 2. g3 g6 3. b3 Bg7 4. Bb2 O-O 5. Bg2 d5 6. c4 dxc4 7. bxc4 c5 8. O-O Nc6 9. Ne5 Nxe5 10. Bxe5 Ne8 11. Bxg7 Kxg7 12. Nc3 Qd4 13. Qb3 Nd6 14. d3 Be6 15. Rad1 Rab8 16. a4 h5 17. e3 Qf6 18. f4 h4 19. e4 Qd4+ 20. Kh1 Bg4 21. Bf3 Bh3 22. Bg2 Bxg2+ 23. Kxg2 f6 24. Ne2 Qe3 25. Qc2 g5 26. gxh4 g4 27. Ng3 e6 28. Rde1 Qd4 29. Ne2 Qe3 30. Ng3 Qd4 31. e5 Nf5 32. Nxf5+ exf5 33. exf6+ Rxf6 34. Qe2 Rh8 35. Qe7+ Kg6 36. Re6 Rxh4 37. Qe8+ Kh6 38. Qh8+ Kg6 39. Qg8+ Kh6 40. Qg5+ Kh7 41. Re7+ Kh8 42. Qg7# 1-0

[Event "FIDE WCCC Open-12 2024"]
[Site "Montesilvano"]
[Date "2024.11.25"]
[Round "10.15"]
[White "Zhang, Haoxuan"]
[Black "Obidjonov, Oriyat"]
[Result "1-0"]
[ECO "B44"]
[WhiteElo "1951"]
[BlackElo "2074"]
[Annotator "RC"]
[PlyCount "95"]
[EventDate "2024.11.18"]
[EventType "swiss"]
[EventCountry "ITA"]
[SourceTitle "playchess.com"]
[Source "ChessBase"]
[SourceQuality "1"]
[TimeControl "5400+30"]

1. e4 c5 2. Nf3 e6 3. d4 cxd4 4. Nxd4 Nc6 5. Nb5 d6 6. c4 a6 7. N5c3 Nf6 8. Be3 Be7 9. Be2 O-O 10. O-O Qc7 11. Na3 Bd7 12. Rc1 Rac8 13. f3 Qa5 14. Qd2 Rfd8 15. Rfd1 Be8 16. Nc2 Ne5 17. Nd5 Qxd2 18. Nxe7+ Kf8 19. Bxd2 Kxe7 20. Ne3 Nc6 21. Bc3 Rb8 22. a4 Na7 23. e5 Nd7 24. exd6+ Kf8 25. a5 Kg8 26. b4 Rbc8 27. Kf2 Nc6 28. f4 Nf8 29. g3 Rd7 30. b5 Nb8 31. Rc2 h6 32. Bb4 f6 33. f5 Bf7 34. fxe6 Bxe6 35. Rb2 Re8 36. Bf3 Bf7 37. bxa6 Nc6 38. axb7 Ne5 39. Bc3 Nxf3 40. Kxf3 Rdd8 41. d7 Nxd7 42. Rxd7 Rxd7 43. b8=Q Rxb8 44. Rxb8+ Kh7 45. a6 Ra7 46. Rb7 Rxa6 47. Rxf7 Kg6 48. Rc7 1-0

[Event "FIDE WCCC Open-12 2024"]
[Site "Montesilvano"]
[Date "2024.11.25"]
[Round "10.16"]
[White "Qu, Haoming"]
[Black "Karthi, Jashith"]
[Result "1/2-1/2"]
[ECO "B22"]
[WhiteElo "1969"]
[BlackElo "2073"]
[Annotator "RC"]
[PlyCount "70"]
[EventDate "2024.11.18"]
[EventType "swiss"]
[EventCountry "ITA"]
[SourceTitle "playchess.com"]
[Source "ChessBase"]
[SourceQuality "1"]
[TimeControl "5400+30"]

1. e4 c5 2. Nf3 e6 3. c3 Nf6 4. e5 Nd5 5. Bc4 Nc6 6. d4 cxd4 7. cxd4 Nb6 8. Bb3 Be7 9. O-O d6 10. Qe2 O-O 11. Nc3 dxe5 12. dxe5 Nd5 13. Qe4 Nxc3 14. bxc3 f5 15. exf6 Bxf6 16. Bxe6+ Bxe6 17. Qxe6+ Kh8 18. Be3 Bxc3 19. Rad1 Qf6 20. Qb3 Na5 21. Qa4 b6 22. Qc2 Qg6 23. Qxc3 Rxf3 24. Qc7 Rff8 25. Rd7 Rfc8 26. Qg3 Rd8 27. Rxd8+ Rxd8 28. Qc7 Nc6 29. h4 Qd6 30. Qf7 Qd7 31. Qf4 h6 32. Re1 Qd6 33. Qf3 Qd5 34. Qg3 Nd4 35. Bxd4 Qxd4 1/2-1/2

[Event "FIDE WCCC Open-12 2024"]
[Site "Montesilvano"]
[Date "2024.11.25"]
[Round "10.17"]
[White "Minga-Nagy, Abel Inti"]
[Black "Yerzhanuly Yernur"]
[Result "1/2-1/2"]
[ECO "C01"]
[WhiteElo "2033"]
[BlackElo "1917"]
[Annotator "RC"]
[PlyCount "60"]
[EventDate "2024.11.18"]
[EventType "swiss"]
[EventCountry "ITA"]
[SourceTitle "playchess.com"]
[Source "ChessBase"]
[SourceQuality "1"]
[TimeControl "5400+30"]

1. e4 e6 2. d4 d5 3. Bd3 c5 4. exd5 exd5 5. dxc5 Bxc5 6. Ne2 Nf6 7. O-O h6 8. Nbc3 O-O 9. Nf4 Be6 10. Nxe6 fxe6 11. Qe2 Qd7 12. Re1 e5 13. Bb5 Nc6 14. Be3 Bxe3 15. fxe3 a6 16. Ba4 b5 17. Bb3 Na5 18. Red1 Nxb3 19. axb3 Qc6 20. Na2 Qc5 21. Nc1 Rfe8 22. Nd3 Qb6 23. h3 Rad8 24. b4 Ne4 25. Ra3 d4 26. exd4 exd4 27. Qh5 Qf6 28. Re1 Kh7 29. Qg4 Nf2 30. Qg3 Ne4 1/2-1/2

[Event "FIDE WCCC Open-12 2024"]
[Site "Montesilvano"]
[Date "2024.11.25"]
[Round "10.18"]
[White "Chen, Jun-Wei"]
[Black "Batbaatar, Baatar"]
[Result "0-1"]
[ECO "B90"]
[WhiteElo "1907"]
[BlackElo "2030"]
[Annotator "RC"]
[PlyCount "72"]
[EventDate "2024.11.18"]
[EventType "swiss"]
[EventCountry "ITA"]
[SourceTitle "playchess.com"]
[Source "ChessBase"]
[SourceQuality "1"]
[TimeControl "5400+30"]

1. e4 c5 2. Nf3 d6 3. d4 cxd4 4. Nxd4 Nf6 5. Nc3 a6 6. Rg1 e5 7. Nb3 Be6 8. g4 d5 9. exd5 Nxd5 10. Nxd5 Qxd5 11. Qxd5 Bxd5 12. Be3 Nc6 13. c3 O-O-O 14. Nd2 e4 15. O-O-O Ne5 16. Kc2 Bd6 17. h3 Rhe8 18. Bg2 Ng6 19. Rge1 Bf4 20. Nxe4 Bxe4+ 21. Bxe4 Rxd1 22. Bf5+ Rd7 23. Rd1 Re6 24. Bd4 Be5 25. Re1 Bxd4 26. Bxe6 fxe6 27. cxd4 Rd6 28. Re4 Kd7 29. g5 Rd5 30. h4 Rf5 31. h5 Rxf2+ 32. Kc3 Ne7 33. Rh4 h6 34. g6 Nd5+ 35. Kb3 Nf6 36. Kc4 Rf5 0-1

[Event "FIDE WCCC Open-12 2024"]
[Site "Montesilvano"]
[Date "2024.11.25"]
[Round "10.19"]
[White "Le, Anh Tu"]
[Black "Tatvidze, Davit"]
[Result "0-1"]
[ECO "B33"]
[WhiteElo "1812"]
[BlackElo "2024"]
[Annotator "RC"]
[PlyCount "121"]
[EventDate "2024.11.18"]
[EventType "swiss"]
[EventCountry "ITA"]
[SourceTitle "playchess.com"]
[Source "ChessBase"]
[SourceQuality "1"]
[TimeControl "5400+30"]

1. e4 c5 2. Nf3 Nc6 3. d4 cxd4 4. Nxd4 Nf6 5. Nc3 e5 6. Ndb5 d6 7. Bg5 a6 8. Na3 b5 9. Nd5 Be7 10. Bxf6 Bxf6 11. c3 Rb8 12. Nc2 Bg5 13. Qd3 O-O 14. Be2 Be6 15. O-O g6 16. Rad1 Kg7 17. Bf3 a5 18. Na3 b4 19. Nc4 bxc3 20. bxc3 Ne7 21. Nce3 Bxe3 22. fxe3 Nxd5 23. exd5 Bf5 24. e4 Qb6+ 25. Kh1 Bd7 26. c4 Qc5 27. Rb1 Rb4 28. Rxb4 axb4 29. Rb1 Rc8 30. Be2 Ra8 31. Qd2 Rb8 32. h3 h6 33. Rb3 Ba4 34. Rb1 b3 35. axb3 Rxb3 36. Rxb3 Bxb3 37. Qc3 Ba4 38. Qf3 Bd7 39. Qb3 Qf2 40. Bf3 h5 41. Qd3 h4 42. Qe2 Qd4 43. Qe1 g5 44. Qc1 Kg6 45. Qa3 Qb6 46. Qd3 Qb4 47. Qe2 Qc3 48. Bg4 Bxg4 49. Qxg4 Qc1+ 50. Kh2 Qf4+ 51. Qxf4 exf4 52. Kg1 Kf6 53. Kf2 Ke5 54. Kf3 f6 55. c5 dxc5 56. Kg4 c4 57. Kf3 f5 58. exf5 Kxd5 59. f6 Ke6 60. Ke4 Kxf6 61. Kd4 0-1

[Event "FIDE WCCC Open-12 2024"]
[Site "Montesilvano"]
[Date "2024.11.25"]
[Round "10.20"]
[White "Nguyen, Anh Khoi"]
[Black "Kleschevnikov, Arseny"]
[Result "1/2-1/2"]
[ECO "A13"]
[WhiteElo "2520"]
[BlackElo "1893"]
[Annotator "TA"]
[PlyCount "75"]
[EventDate "2024.11.18"]
[EventType "swiss"]
[EventCountry "ITA"]
[SourceTitle "playchess.com"]
[Source "ChessBase"]
[SourceQuality "1"]
[TimeControl "5400+30"]

1. c4 e6 2. Nf3 d5 3. g3 Nf6 4. Bg2 d4 5. O-O c5 6. e3 Nc6 7. exd4 cxd4 8. d3 Bd6 9. Bg5 h6 10. Bxf6 Qxf6 11. Nbd2 Qe7 12. Re1 O-O 13. a3 a5 14. Nb3 Qf6 ({Don't play} 14... e5 $6 15. Nfxd4 Nxd4 16. Nxd4 $16) 15. c5 Bc7 16. Rc1 e5 17. Nbd2 Re8 (17... Bg4 $11) 18. Qc2 ({Better is} 18. Ne4 $1 $14 Qg6 19. Nfd2) 18... Qd8 19. Nc4 Kh8 (19... a4 $11 {was preferrable.}) 20. Nfd2 $16 f5 {[%emt 0:00:25] [#] Against Ne4} (20... Be6 $14) 21. Nd6 $1 {[%emt 0:05:03][%mdl 512] White is more active.} Bxd6 22. cxd6 Qxd6 {[%emt 0:06:03] [#]} 23. Nc4 (23. Qc5 $1 $16 Qf6 24. Nc4) 23... Qf6 $11 24. f4 $1 {[%emt 0:01:43] next fxe5 is good for White.} e4 25. dxe4 fxe4 26. Bxe4 Bh3 27. Qd3 Rad8 28. Nd2 Qd6 29. Nf3 Be6 30. Re2 Bd5 31. Rce1 Bxe4 32. Rxe4 Rxe4 33. Rxe4 Qc5 34. Re1 {[%emt 0:00:47] Prevents Qc1.} Qd5 35. Nh4 a4 36. Ng6+ Kg8 37. Ne5 Nxe5 38. Rxe5 {[%emt 0:00:04] Weighted Error Value: White=0.13 (very precise) /Black=0.12 (very precise) .  Mistake:       	White=2     	Black=3      Inaccurate:     	White=1     	---        OK:         	White=8     	Black=9      Best:        	---       	Black=2      Strong:       	White=1     	---} 1/2-1/2